 Dungeon Crawl Stone Soup version 0.27-a0-1278-g6cbc8dfb29 (webtiles) character file.

Game seed: 5105552724695465517

42732 flotson the Cleaver (level 13, 0/104 HPs)
             Began as a Demonspawn Fighter on June 13, 2021.
             Was an Initiate of Gozag.
             Slain by a spriggan (3 damage)
             ... on level 6 of the Lair of Beasts.
             The game lasted 00:52:56 (27896 turns).

flotson the Cleaver (Demonspawn Fighter)           Turns: 27896, Time: 00:52:57

Health: 0/104      AC: 22    Str: 20    XL:     13   Next: 87%
Magic:  13/13      EV: 13    Int: 10    God:    Gozag
Gold:   3024       SH: 16    Dex: 14    Spells: 12/12 levels left

rFire    . . .     SeeInvis .   a - +0 war axe
rCold    . . .     Faith    .   c - +0 kite shield
rNeg     . . .     Spirit   .   T - +3 scale mail {rPois}
rPois    +         Reflect  .   h - +0 helmet
rElec    .         Harm     .   I - +0 cloak
rCorr    +         Rampage  +   z - +1 pair of gloves "Niwk" {Rampage Slay+3}
Will     .....                  Y - +1 pair of boots
Stlth    ++........             (no amulet)
HPRegen  0.27/turn              p - ring of resist corrosion
MPRegen  0.13/turn              v - ring of Oghes {*Slow rPois Will- Slay+4 Stlth+}

@: no status effects
A: claws 2, thin metallic scales 2, demonic guardian 2, condensation shield
a: Renounce Religion, Potion Petition, Call Merchant, Bribe Branch


You were on level 6 of the Lair of Beasts.
You worshipped Gozag.
Gozag was most pleased with you.
You visited 3 branches of the dungeon, and saw 17 of its levels.
You also visited: Gauntlet.

You collected 3758 gold pieces.
You spent 667 gold pieces at shops.
You paid 67 gold pieces to Gozag.

Inventory:

Hand Weapons
 a - a +0 war axe (weapon)
 b - the +8 hand crossbow of Wealth {flame, rF- rN++}
   (You took it off a minotaur in a Gauntlet)

   It causes projectiles fired from it to burn those they strike, causing extra
   injury to most foes and up to half again as much damage against particularly
   susceptible opponents.
   It makes you vulnerable to fire.
   It greatly protects you from negative energy.
Missiles
 k - 29 poisoned darts
 l - a boomerang of dispersal
 m - 5 curare-tipped darts
 n - 4 boomerangs
 L - a throwing net
 P - 2 javelins (quivered)
 R - 9 silver javelins
 V - 67 bolts
Armour
 c - a +0 kite shield (worn)
 h - a +0 helmet (worn)
 u - a +2 chain mail of cold resistance
 z - the +1 pair of gloves "Niwk" (worn) {Rampage Slay+3}
   (You bought it in a shop on level 7 of the Dungeon)

   It affects your accuracy and damage with ranged weapons and melee attacks
   (+3).
   It bestows one free step when moving towards enemies.
 I - a +0 cloak (worn)
 J - a +0 chain mail of fire resistance
 T - a +3 scale mail of poison resistance (worn)
 Y - a +1 pair of boots (worn)
Jewellery
 p - a ring of resist corrosion (left hand)
 v - the ring of Oghes (right hand) {*Slow rPois Will- Slay+4 Stlth+}
   (You found it on level 10 of the Dungeon)

   [ring of slaying]

   It affects your accuracy and damage with ranged weapons and melee attacks
   (+4).
   It protects you from poison.
   It may slow you when you take damage.
   It decreases your willpower.
   It makes you more stealthy.
 M - a ring of see invisible
 N - a ring of protection from cold
Wands
 B - a wand of acid (16)
 D - a wand of paralysis (16)
 E - a wand of charming (6)
 G - a wand of iceblast (14)
 K - a wand of flame (29)
 S - a wand of digging (4)
Scrolls
 d - a scroll of fear {unknown}
 e - 2 scrolls of immolation
 i - 10 scrolls of vulnerability
 j - 2 scrolls of torment
 o - 2 scrolls of brand weapon
 s - 2 scrolls of silence
 w - 4 scrolls of magic mapping
 y - 4 scrolls of enchant weapon
 A - a scroll of teleportation {unknown}
 C - 3 scrolls of summoning
 F - 3 scrolls of enchant armour
 U - a scroll of holy word {unknown}
Potions
 f - 4 potions of attraction
 g - a potion of mutation
 q - 2 potions of cancellation
 r - 3 potions of haste
 t - 2 potions of flight
 x - 4 potions of curing
 Q - a potion of resistance
 Z - a potion of berserk rage
Miscellaneous
 H - a tin of tremorstones (2/2)
 W - a piece from Xom's chessboard (15/15)


   Skills:
 + Level 10.5 Fighting
 + Level 12.0 Axes
 - Level 6.0 Throwing
 + Level 9.6 Armour
 + Level 9.2 Dodging
 + Level 4.6 Stealth
 + Level 9.6 Shields
 - Level 6.0 Evocations


You had 12 spell levels left.
You didn't know any spells.
Your spell library contained the following spells:

 Spells                   Type           Power      Damage    Failure   Level
 Animate Skeleton         Necr           0%         N/A       88%         1
 Corona                   Hex            0%         N/A       88%         1
 Foxfire                  Conj/Fire      0%         2x1d4     88%         1
 Pain                     Necr           0%         1d4       88%         1
 Shock                    Conj/Air       0%         1d3       88%         1
 Sting                    Tmut/Pois      0%         1d3       88%         1
 Summon Small Mammal      Summ           0%         N/A       88%         1
 Call Imp                 Summ           0%         N/A       95%         2
 Ensorcelled Hibernation  Hex/Ice        0%         N/A       95%         2
 Poisonous Vapours        Pois/Air       0%         N/A       95%         2
 Static Discharge         Conj/Air       0%         N/A       95%         2
 Call Canine Familiar     Summ           0%         N/A       99%         3
 Confusing Touch          Hex            0%         N/A       99%         3
 Conjure Flame            Conj/Fire      0%         6-21      99%         3
 Dazzling Flash           Conj/Hex       0%         N/A       99%         3
 Ignite Poison            Fire/Tmut/Pois 0%         N/A       99%         3
 Inner Flame              Hex/Fire       0%         N/A       99%         3
 Mephitic Cloud           Conj/Pois/Air  0%         N/A       99%         3
 Summon Guardian Golem    Hex/Summ       0%         N/A       99%         3
 Swiftness                Air            0%         N/A       99%         3
 Tukima's Dance           Hex            0%         N/A       99%         3
 Vampiric Draining        Necr           0%         2d6       99%         3
 Airstrike                Air            0%         N/A       100%        4
 Animate Dead             Necr           0%         N/A       100%        4
 Olgreb's Toxic Radiance  Pois           0%         N/A       100%        4
 Sticky Flame             Conj/Fire      0%         2d3       100%        4
 Summon Ice Beast         Ice/Summ       0%         N/A       100%        4
 Summon Lightning Spire   Summ/Air       0%         N/A       100%        4
 Agony                    Necr           0%         N/A       100%        5
 Fireball                 Conj/Fire      0%         3d3       100%        5
 Lightning Bolt           Conj/Air       0%         1d11      100%        5
 Silence                  Hex/Air        0%         N/A       100%        5
 Conjure Ball Lightning   Conj/Air       0%         3x3d6     100%        6
 Spellforged Servitor     Conj/Summ      0%         N/A       100%        7
 Storm Form               Tmut/Air       0%         N/A       100%        7
 Dragon's Call            Summ           0%         N/A       100%        9


Dungeon Overview and Level Annotations

Branches:
Dungeon (10/15)            Temple (1/1) D:4            Lair (6/6) D:9
 Shoals (0/4) Lair:4       Spider (0/4) Lair:2        Slime (0/5) Lair:6
Gauntlet (visited)
    Orc: D:9-12

Altars:
Ashenzari
Cheibriados
Dithmenos
Elyvilon
Fedhas
Gozag
Hepliaklqana
Kikubaaqudgha
Makhleb
Nemelex Xobeh
Okawaru
Qazlal
Ru
Sif Muna
Trog
Uskayaw
Vehumet
Wu Jian
Xom
Yredelemnul
Zin
The Shining One
Jiyva

Shops:
D:6 *   D:7 [


Innate Abilities, Weirdness & Mutations

You have very sharp fingernails.
You are mostly covered in thin metallic scales. (AC +3)
A demonic guardian rushes to your aid.
A meltable shield of frost defends you. (SH +4)


Message History

Aiming: Paralyse
Press: ? - help, Shift-Dir - straight line, f - spriggan
Aim: a spriggan, wielding a +0 rapier and wearing a +0 robe (chance to affect: 29%)
Okay, then.
Unknown command.
Unknown command.
Really release a tremorstone near your rust devil?
Okay, then.
Unknown command.
Unknown command.
You feel better.
Your rust devil hits the spriggan rider.
The spriggan rider seems to be corroded for longer.
The spriggan hits you but does no damage.
You block the spriggan rider's attack. The spriggan hits you with a +0 rapier.
* * * LOW HITPOINT WARNING * * *
Really release a tremorstone near your rust devil?
Okay, then.
Aiming: Paralyse
Press: ? - help, Shift-Dir - straight line, f - spriggan
Aim: a spriggan, wielding a +0 rapier and wearing a +0 robe (ally target, chance to affect: 29%)
Okay, then.
Unknown command.
Unknown command.
Aiming: Corrosive Bolt
Press: ? - help, Shift-Dir - straight line, f - spriggan
Aim: a spriggan, wielding a +0 rapier and wearing a +0 robe (ally target, 48% to hit)
The bolt of acid hits the spriggan!!
The spriggan is splashed with acid.
The acid corrodes the spriggan!
The spriggan is severely wounded.
The bolt of acid hits the plant!!
The plant is splashed with acid.
The plant begins to die.
The plant is lightly damaged.
Your rust devil barely misses the spriggan rider.
The spriggan rider hits you from afar with a +0 spear!
* * * LOW HITPOINT WARNING * * *
The spriggan hits you with a +0 rapier.
You die...
Your body crumbles into a pile of gold.

......................#
.....................##
.....................##
.................4.|..#
......................#
..........##.##...4...#
#.....P..#....####i..##
######...#..P.##....##
##.#.#....#.....@i...P#
..................P..##
......#.........P.P...##
.........##...#.#PPP...#
....#.#...##..#...PP..##
....##....#.PP#+......P#
##...........P.<<.....##
P..#.#.................#
.......................#


You could see a spriggan rider (corroded), a spriggan (corroded, ally target)
and a friendly rust devil (summoned).

Vanquished Creatures
  A minotaur (Gauntlet)
  Harold (D:10)
  5 hydras
  2 two-headed ogres
  Urug (Lair:3)
  A sixfirhy (Gauntlet)
  An ugly thing (Gauntlet)
  4 oklob plants (Lair:6)
  A manticore (Lair:4)
  An elephant (D:8)
  4 black mambas
  8 cane toads
  Psyche (D:10)
  7 komodo dragons
  A rime drake (Lair:3)
  A troll (D:10)
  A wind drake (Lair:3)
  6 polar bears
  A hornet (D:10)
  13 blink frogs
  5 dream sheep
  4 redbacks
  2 shadows
  3 spriggans (Lair:6)
  37 yaks
  7 wyverns
  5 basilisks
  2 steam dragons
  2 vampire mosquitoes (D:10)
  16 water moccasins
  Purgy (D:4)
  A necrophage (D:6)
  3 orc warriors
  4 black bears
  A boggart (Lair:6)
  3 centaurs
  25 wolves
  15 bullfrogs
  4 kobold brigands
  2 scorpions
  2 wyvern zombies (D:7)
  A wyvern skeleton (D:6)
  5 killer bees
  2 wights (D:7)
  A howler monkey (D:6)
  3 bullfrog zombies (D:5)
  4 centaur zombies
  2 centaur skeletons
  4 jellies
  4 orc priests
  4 hounds
  2 iguanas
  2 gnoll shamans
  21 hell rats
  6 orc wizards
  5 gnolls
  16 adders
  11 river rats (Lair:1)
  A shadow imp (D:5)
  A white imp (D:7)
  6 ufetubi
  A dart slug (D:5)
  19 orcs
  6 ball pythons
  6 endoplasms
  A giant cockroach (D:1)
  4 goblins
  5 hobgoblins
  4 jackals
  28 kobolds
  8 quokkas
  3 bats
  4 frilled lizards
  21 rats
  A bush (Lair:5)
417 creatures vanquished.

Vanquished Creatures (collateral kills)
  A boulder beetle (Lair:4)
  A great orb of eyes (Gauntlet)
  A black mamba (Lair:1)
  A gargoyle (D:9)
  2 cane toads
  A troll (D:10)
  2 polar bears (Lair:6)
  2 blink frogs (Lair:1)
  2 dream sheep (Lair:5)
  A shadow (D:10)
  5 yaks
  A vampire mosquito (D:10)
  A steam dragon (D:7)
  2 black bears
  An ogre (D:4)
  2 wolves (Lair:6)
  2 killer bees (D:7)
  A wight (D:7)
  A centaur zombie (D:5)
  A jelly (D:6)
  A hell rat (Lair:1)
  A gnoll (D:7)
  A jackal (D:4)
  A quokka (Lair:1)
  A kobold (D:3)
36 creatures vanquished.

Vanquished Creatures (others)
  2 demonic plants (Gauntlet)
  20 fungi
  24 plants
46 creatures vanquished.

Grand Total: 499 creatures vanquished

Notes
Turn   | Place    | Note
-------+----------+-------------------------------------------
     0 | D:1      | flotson the Demonspawn Fighter began the quest for the Orb.
     0 | D:1      | Reached XP level 1. HP: 18/18 MP: 1/1
     5 | D:1      | Noticed an electric eel
   350 | D:1      | Reached skill level 2 in Axes
   350 | D:1      | Gained mutation: A weak demonic guardian rushes to your
                  | aid. [demonic ancestry]
   350 | D:1      | Reached XP level 2. HP: 22/24 MP: 2/2
   532 | D:1      | Found a faded altar of an unknown god.
  1239 | D:2      | Gained mutation: You have sharp fingernails. [demonic
                  | ancestry]
  1239 | D:2      | Reached XP level 3. HP: 23/29 MP: 3/3
  1559 | D:2      | Reached skill level 1 in Dodging
  1778 | D:2      | Found a burning altar of Makhleb.
  2278 | D:3      | Gained mutation: You are partially covered in thin metallic
                  | scales. (AC +2) [demonic ancestry]
  2278 | D:3      | Reached XP level 4. HP: 28/35 MP: 4/4
  2667 | D:3      | Found a blossoming altar of Fedhas.
  2946 | D:4      | Noticed a water moccasin
  2962 | D:4      | Killed a water moccasin
  2963 | D:4      | Reached skill level 1 in Evocations
  2963 | D:4      | Reached XP level 5. HP: 9/42 MP: 5/5
  3462 | D:4      | Noticed an ogre
  3648 | D:4      | Found a shimmering altar of Xom.
  3649 | D:4      | Found a snail-covered altar of Cheibriados.
  3650 | D:4      | Noticed Purgy
  3731 | D:3      | Reached XP level 6. HP: 28/48 MP: 6/6
  4368 | D:4      | Reached skill level 3 in Axes
  4422 | D:4      | Killed Purgy
  4445 | D:4      | Found a staircase to the Ecumenical Temple.
  4454 | Temple   | Entered the Ecumenical Temple
  4797 | D:4      | Found a staircase to the Ecumenical Temple.
  4856 | D:4      | Found a shimmering altar of Xom.
  4861 | D:4      | Found a snail-covered altar of Cheibriados.
  4927 | D:4      | Reached skill level 1 in Throwing
  5462 | D:5      | Entered Level 5 of the Dungeon
  5541 | D:5      | Identified the +1 ring mail of Hubris {rN+}
  5569 | D:5      | Reached XP level 7. HP: 54/54 MP: 7/7
  5703 | D:5      | Noticed a shadow
  5715 | D:5      | Killed a shadow
  6641 | D:6      | Reached XP level 8. HP: 34/61 MP: 8/8
  6792 | D:6      | Reached skill level 4 in Axes
  7085 | D:6      | Identified the +9 quarterstaff of Lafocwy {freeze, rF+
                  | rCorr Dex+4}
  7137 | D:6      | Reached skill level 5 in Fighting
  7218 | D:6      | Found Veraj's Assorted Antiques.
  7224 | D:6      | Bought a blue potion for 23 gold pieces
  7224 | D:6      | Bought a scroll labelled GAQURY BAFIL for 26 gold pieces
  7224 | D:6      | Bought a scroll labelled GIUN SIREXIUWN for 26 gold pieces
  7472 | D:6      | Reached skill level 5 in Axes
  7801 | D:6      | Found an opulent altar of Gozag.
  7804 | D:6      | Became a worshipper of Gozag Ym Sagoz the Greedy
  8034 | D:6      | Identified the +1 ring mail "Binuopom" {rElec Dex+3}
  8343 | D:6      | Reached skill level 5 in Armour
  8343 | D:6      | Reached skill level 5 in Shields
  8343 | D:6      | Gained mutation: A demonic guardian rushes to your aid.
                  | [demonic ancestry]
  8343 | D:6      | Reached XP level 9. HP: 57/68 MP: 9/9
  8750 | D:7      | Found Ximyboc's Antique Armour Boutique.
  9548 | D:7      | Bought a pair of masterwork gloves for 266 gold pieces
  9548 | D:7      | Identified the +1 pair of gloves "Niwk" {Rampage Slay+3}
                  | (You bought it in a shop on level 7 of the Dungeon)
 10326 | D:8      | Reached skill level 6 in Axes
 12235 | D:6      | Bought a twisted jasper amulet for 130 gold pieces
 12267 | D:7      | Bought a pitted leather armour for 196 gold pieces
 12267 | D:7      | Identified the +1 leather armour "Ridud" {Dex+3} (You
                  | bought it in a shop on level 7 of the Dungeon)
 12713 | D:8      | Reached skill level 5 in Evocations
 12713 | D:8      | Gained mutation: A meltable shield of frost defends you.
                  | (SH +4) [demonic ancestry]
 12713 | D:8      | Reached XP level 10. HP: 66/76 MP: 10/10
 12784 | D:9      | Reached skill level 5 in Dodging
 12857 | D:9      | Noticed an elephant
 12897 | D:8      | Killed an elephant
 12898 | D:8      | Reached skill level 7 in Axes
 13529 | D:9      | Noticed a two-headed ogre
 13559 | D:9      | Noticed a gargoyle
 13865 | D:9      | Found a staircase to the Lair.
 14499 | D:9      | Killed a two-headed ogre
 14500 | D:9      | Reached skill level 5 in Throwing
 14673 | D:9      | Found a staircase to the Lair.
 14815 | D:9      | Killed a gargoyle
 14816 | D:9      | Reached skill level 8 in Axes
 15273 | D:10     | Entered Level 10 of the Dungeon
 15519 | D:10     | Reached XP level 11. HP: 69/84 MP: 11/11
 15666 | D:10     | Identified the ring of Oghes {*Slow rPois Will- Slay+4
                  | Stlth+}
 15808 | D:10     | Noticed Psyche
 15809 | D:10     | Noticed a two-headed ogre
 15889 | D:10     | Killed Psyche
 15909 | D:10     | Killed a two-headed ogre
 15982 | D:10     | Found a stormy altar of Qazlal.
 15985 | D:10     | Noticed Harold
 16001 | D:10     | Killed Harold
 16623 | Lair:1   | Entered Level 1 of the Lair of Beasts
 17047 | Lair:1   | Reached skill level 9 in Axes
 18669 | Lair:2   | Found a hole to the Spider Nest.
 19123 | Lair:2   | Gained mutation: You are mostly covered in thin metallic
                  | scales. (AC +3) [demonic ancestry]
 19123 | Lair:2   | Reached XP level 12. HP: 94/94 MP: 12/12
 19134 | Lair:2   | Noticed a four-headed hydra
 19141 | Lair:2   | Killed a four-headed hydra
 19142 | Lair:2   | Reached skill level 10 in Axes
 19146 | Lair:2   | Identified the +8 shortbow of Qaodam {flame, Int+2}
 19814 | Lair:1   | HP: 4/94 [poisoned by a black mamba]
 20593 | Lair:3   | Noticed Urug
 20605 | Lair:3   | Killed Urug
 22806 | Lair:4   | Noticed a boulder beetle
 22820 | Lair:4   | Killed a boulder beetle
 22821 | Lair:4   | Reached skill level 11 in Axes
 23853 | Lair:4   | Found a staircase to the Shoals.
 23984 | Lair:4   | Reached skill level 1 in Stealth
 24463 | Lair:5   | Found a gate leading to a gauntlet.
 24474 | Gauntlet | Entered a Gauntlet
 24474 | Gauntlet | Found a transporter.
 24474 | Gauntlet | Found a transporter.
 24559 | Gauntlet | Found a transporter.
 24577 | Gauntlet | Found a transporter.
 24577 | Gauntlet | Found a transporter.
 24577 | Gauntlet | Found a transporter.
 24579 | Gauntlet | Found a transporter.
 24579 | Gauntlet | Found a transporter.
 24591 | Gauntlet | Found a transporter.
 24607 | Gauntlet | Found a transporter.
 24616 | Gauntlet | Noticed a great orb of eyes
 24617 | Gauntlet | Found a transporter.
 24631 | Gauntlet | Found a transporter.
 24651 | Gauntlet | Found a transporter.
 24664 | Gauntlet | Found a transporter.
 24698 | Gauntlet | Identified the Handbook of Summoning
 24978 | Gauntlet | Identified the amulet "Yrraun" {Faith Int+2}
 24981 | Gauntlet | Paralysed by a great orb of eyes for 5 turns
 24989 | Gauntlet | Paralysed by a great orb of eyes for 3 turns
 24996 | Gauntlet | Killed a great orb of eyes
 25256 | Gauntlet | Identified the +8 hand crossbow of Wealth {flame, rF- rN++}
 25256 | Gauntlet | Noticed a minotaur
 25270 | Gauntlet | Killed a minotaur
 25297 | Lair:5   | Gained mutation: You have very sharp fingernails. [demonic
                  | ancestry]
 25297 | Lair:5   | Reached XP level 13. HP: 98/102 MP: 13/13
 26309 | Lair:6   | Entered Level 6 of the Lair of Beasts
 26577 | Lair:6   | Reached skill level 10 in Fighting
 26597 | Lair:6   | Found a runed translucent door.
 26598 | Lair:6   | Found a viscous altar of Jiyva.
 26601 | Lair:6   | Found a staircase to the Slime Pits.
 27794 | Lair:6   | Reached skill level 12 in Axes
 27896 | Lair:6   | HP: 3/104 [spriggan rider (10)]
 27896 | Lair:6   | Slain by a spriggan

Illustrated notes

Levels and vault maps discovered:
D:1:      arrival_aquarium_a, layout_basic,
          hellmonk_ecumenical_altar_inner_sanctum, solitary_fountain
D:2:      layout_basic, basic_altar
D:3:      layout_basic, fedhas_altar_1
D:4:      layout_basic, grunt_temple_overflow_open,
          minmay_temple_entry_mini_moons, uniq_purgy
D:5:      layout_basic, minmay_manual_monolith
D:6:      layout_basic, kennysheep_mini, serial_shops, nicolae_shop_trees
D:7:      layout_basic, serial_shops, nicolae_shop_trees
D:8:      kennysheep_steamy, layout_cave_pools
D:9:      layout_loops_ring, david_lair_generic, hangedman_glass_teeth,
          glass_columns_a, minmay_misc_feat_chi
D:10:     layout_cave_pools, old_standard_altar, uniq_psyche, uniq_harold
Temple:   eino_temple_rhombus
Lair:1:   lemuel_ratsnest, layout_chaotic_city, grunt_megastairs_3
Lair:2:   layout_hall_layers, spider_nest_entry_webs, grunt_megastairs_2
Lair:3:   layout_layer_cave, uniq_urug
Lair:4:   layout_misc_corridors, minmay_shoals_entry_beasts,
          serial_bayou_shore_b
Lair:5:   layout_misc_corridors, gauntlet_entry_generic,
          infiniplex_staircase_pool
Lair:6:   minmay_lair_end_enchanted_forest, layout_regular_city, slime_altar_2,
          minmay_lair_oklob_chamber

Skill      XL: |  1  2  3  4  5  6  7  8  9 10 11 12 13 |
---------------+----------------------------------------+-----
Axes           | 2 3 5 6 8 9 11 12 | 12.0
Shields        | 3 4 5 6 7 8 9 |  9.6
Armour         | 3 4 5 6 7 8 9 |  9.6
Dodging        | 1 2 3 4 5 7 8 9 |  9.2
Evocations     | 1 2 3 5 6 |  6.0
Fighting       | 4 5 6 7 8 9 10 | 10.5
Throwing       | 1 2 3 4 5 6 |  6.0
Stealth        | 2 4 |  4.6

Action                   |  1- 3 |  4- 6 |  7- 9 | 10-12 | 13-15 || total
-------------------------+-------+-------+-------+-------+-------++-------
Melee: War axe           |    71 |       |       |   367 |   214 ||   652
       Dagger            |    61 |   155 |   489 |   326 |       ||  1031
 Fire: Hand crossbow     |       |       |       |    15 |   105 ||   120
Throw: Dart              |       |    19 |    38 |    53 |       ||   110
       Boomerang         |       |       |     4 |       |       ||     4
       Throwing net      |       |       |     1 |       |       ||     1
       Javelin           |       |       |       |    23 |     7 ||    30
Evoke: Wand              |       |     3 |     3 |     9 |     1 ||    16
  Use: Potion            |       |     4 |       |     6 |     2 ||    12
       Scroll            |       |       |     4 |    10 |     6 ||    20
 Stab: Distracted        |       |       |     2 |     2 |     2 ||     6
       Paralysed         |       |       |       |    20 |       ||    20
       Sleeping          |       |       |       |     1 |       ||     1
       Invisible         |       |       |       |     5 |     4 ||     9
Armor: Scale mail        |    50 |   104 |       |    22 |   118 ||   294
       Ring mail         |       |     5 |   242 |   237 |       ||   484
Dodge: Dodged            |    48 |    65 |   273 |   352 |   104 ||   842
Block: Kite shield       |    63 |    98 |   325 |   592 |   201 ||  1279

Table legend: (Time is in decaauts)
 A = Elapsed time spent in this place.
 B = Non-inter-level travel time spent in this place.
 C = Inter-level travel time spent in this place.
 D = Time resting spent in this place.
 E = Time spent auto-exploring this place.
 F = Levels seen in this place.
 G = Mean time per level.
                   A        B        C        D        E       F      G
               +--------+--------+--------+--------+--------+-----+--------+
         Total |  28334 |  27141 |   1193 |   2845 |  19929 |  18 | 1574.1 |
       Dungeon |  16778 |  16015 |    763 |   1962 |  11471 |  10 | 1677.8 |
        Temple |    214 |    196 |     18 |      0 |    196 |   1 |  214.0 |
          Lair |  10516 |  10105 |    411 |    883 |   7583 |   6 | 1752.7 |
      Gauntlet |    824 |    824 |      0 |      0 |    679 |   1 |  824.0 |
               +--------+--------+--------+--------+--------+-----+--------+

Top non-repeatable levels by time:
  Lair:1: 3167 daAuts
     D:9: 2757 daAuts
     D:7: 2690 daAuts
  Lair:3: 2539 daAuts
     D:6: 2019 daAuts
     D:4: 1728 daAuts
  Lair:6: 1649 daAuts
     D:8: 1580 daAuts
  Lair:4: 1421 daAuts
     D:3: 1317 daAuts
     D:1: 1257 daAuts
    D:10: 1192 daAuts
     D:5: 1184 daAuts
     D:2: 1049 daAuts
  Lair:5: 884 daAuts
